 Dungeon Crawl Stone Soup version 0.21.1-1-g345015fe64 (webtiles) character file.

717 Peloso the Covered (level 7, 0/61 HPs)
             Began as a Minotaur Fighter on July 15, 2018.
             Was a Follower of Okawaru.
             Slain by Grinder (2 damage)
             ... on level 5 of the Dungeon.
             The game lasted 00:07:02 (4177 turns).

Peloso the Covered (Minotaur Fighter)               Turns: 4177, Time: 00:07:02

Health: 0/61       AC:  8    Str: 24    XL:     7   Next: 42%
Magic:  6/6        EV:  8    Int:  5    God:    Okawaru [*.....]
Gold:   190        SH: 10    Dex: 11    Spells: 6/6 levels left

rFire    + . .     SeeInvis .   a - +2 falchion (slice)
rCold    x . .     Gourm    .   c - +0 shield
rNeg     . . .     Faith    .   b - +0 scale mail
rPois    .         Spirit   .   t - +1 hat
rElec    .         Reflect  .   (no cloak)
rCorr    .         Harm     .   (no gloves)
MR       .....                  (no boots)
Stlth    ..........             (no amulet)
HPRegen  0.20/turn              m - ring of fire
MPRegen  0.10/turn              p - +3 ring of strength

@: lethally poisoned (0 -> -1)
A: retaliatory headbutt, horns 2
a: Heroism, Renounce Religion


You were on level 5 of the Dungeon.
You worshipped Okawaru.
Okawaru was aware of your devotion.
You were not hungry.

You visited 2 branches of the dungeon, and saw 6 of its levels.

You collected 190 gold pieces.

Inventory:

Hand Weapons
 a - a +2 falchion of slicing (weapon)
Armour
 b - a +0 scale mail (worn)
 c - a +0 shield (worn)
 t - a +1 hat (worn)
Jewellery
 m - a ring of fire (left hand)
 p - a +3 ring of strength (right hand)
Wands
 o - a wand of random effects (38)
 s - a wand of acid (9)
 u - a wand of polymorph (8)
Scrolls
 e - 5 scrolls of remove curse
 g - 6 scrolls of identify
Potions
 d - 3 potions of might
 h - a potion of magic {unknown}
 j - 2 potions of lignification {unknown}
 k - a potion of ambrosia {unknown}
 l - 2 potions of curing {unknown}
 n - a potion of brilliance {unknown}
 q - 3 potions of haste
 r - a potion of flight {unknown}
Comestibles
 f - 13 rations
 i - 3 chunks of flesh


   Skills:
 + Level 5.1 Fighting
 + Level 5.9 Long Blades
 + Level 6.5 Armour
 + Level 1.4 Dodging
 + Level 0.4 Stealth
 + Level 5.6 Shields


You had 6 spell levels left.
You didn't know any spells.

Dungeon Overview and Level Annotations

Branches:
Dungeon (5/15)             Temple (1/1) D:4

Altars:
Dithmenos
Gozag
Nemelex Xobeh
Okawaru
Ru
Sif Muna
Uskayaw
Vehumet
Wu Jian
Yredelemnul
Zin

Annotations:
D:5 Grinder


Innate Abilities, Weirdness & Mutations

You reflexively headbutt those who attack you in melee.
You have a pair of horns on your head.


Message History

The worker ant bites you but does no damage.
Unknown command.
You hit the worker ant.
You kill the worker ant!
Okawaru accepts your kill.
You feel sick.
Unknown command.
Grinder hits you but does no damage.
Unknown command.
Your scale mail prevents you from hitting Grinder.
Your headbutt misses Grinder.
Grinder is heavily wounded.
Grinder hits you.
* * * LOW HITPOINT WARNING * * *
You writhe in agony.
* * * LOW HITPOINT WARNING * * *
Grinder hits you.
* * * LOW HITPOINT WARNING * * *
You writhe in agony.
You die...

#.# #.# #.#####
####.#...#
.........#########
##.....#.........#
##......#######.#####
##.##### #.....5...#
#.# #$###@###.# #.#
#.# #+# #.# #.. ###.
.# #


You could see Grinder.

Vanquished Creatures
  A phantom (D:4)
  A necrophage (D:5)
  An ogre (D:4)
  A centaur (D:5)
  A howler monkey (D:4)
  Jessica (D:3)
  Ijyb (D:3)
  Natasha (thrice) (D:2 D:3)
  A worker ant (D:5)
  11 adders
  4 worms
  4 dart slugs
  3 leopard geckos
  5 orcs (D:4)
  5 giant cockroaches
  5 goblins
  10 hobgoblins
  3 jackals (D:1)
  5 quokkas
  4 bats
  6 frilled lizards
  10 kobolds
  5 rats
91 creatures vanquished.

Notes
Turn   | Place    | Note
-------+----------+-------------------------------------------
     0 | D:1      | Peloso the Minotaur Fighter began the quest for the Orb.
     0 | D:1      | Reached XP level 1. HP: 19/19 MP: 0/0
   330 | D:1      | Reached XP level 2. HP: 25/27 MP: 1/1
   334 | D:1      | Reached skill level 4 in Armour
   654 | D:1      | Reached XP level 3. HP: 33/33 MP: 2/2
  1069 | D:2      | Reached XP level 4. HP: 26/40 MP: 3/3
  1247 | D:2      | Noticed Natasha
  1249 | D:2      | Killed Natasha
  1475 | D:2      | Reached XP level 5. HP: 41/46 MP: 4/4
  1608 | D:3      | Found an ornate altar of the Wu Jian Council.
  1644 | D:3      | Found a faded altar of an unknown god.
  1685 | D:3      | Noticed Natasha
  1720 | D:3      | Killed Natasha
  1720 | D:3      | Reached skill level 5 in Armour
  1834 | D:3      | Noticed Jessica
  1838 | D:3      | Killed Jessica
  1839 | D:3      | Noticed Ijyb
  2080 | D:3      | Killed Ijyb
  2328 | D:3      | You fall through a shaft!
  2339 | D:4      | Reached skill level 5 in Shields
  2339 | D:4      | Reached XP level 6. HP: 48/53 MP: 5/5
  2406 | D:4      | Found a staircase to the Ecumenical Temple.
  2425 | Temple   | Entered the Ecumenical Temple
  2548 | Temple   | Became a worshipper of Warmaster Okawaru
  2603 | D:4      | Reached skill level 5 in Long Blades
  2888 | D:4      | Reached skill level 1 in Dodging
  2991 | D:4      | Reached skill level 5 in Fighting
  2991 | D:4      | Reached skill level 6 in Armour
  3116 | D:4      | Found a basalt altar of Yredelemnul.
  3872 | D:3      | Noticed Natasha
  3880 | D:3      | Killed Natasha
  3880 | D:3      | Reached XP level 7. HP: 56/61 MP: 6/6
  3912 | D:5      | Entered Level 5 of the Dungeon
  3998 | D:5      | Reached * piety under Okawaru
  4152 | D:5      | Noticed Grinder
  4153 | D:5      | Paralysed by Grinder for 6 turns
  4165 | D:5      | Paralysed by Grinder for 3 turns
  4177 | D:5      | HP: 2/61 [Grinder (5)]
  4177 | D:5      | Slain by Grinder

Skill      XL: |  1  2  3  4  5  6 |
---------------+-------------------+-----
Armour         | 4 5 6 |  6.5
Shields        | 4 5 |  5.6
Fighting       | 4 5 |  5.1
Long Blades    | 3 4 5 |  5.9
Dodging        | 1 |  1.4
Stealth        | |  0.4

Action                   |  1- 3 |  4- 6 |  7- 9 || total
-------------------------+-------+-------+-------++-------
Melee: Long sword        |    84 |   155 |       ||   239
       Headbutt          |    10 |    27 |     8 ||    45
       Unarmed           |       |     2 |       ||     2
       Falchion          |       |     9 |    24 ||    33
  Use: Scroll            |       |       |     4 ||     4
  Eat: Chunk             |       |     8 |     3 ||    11
Armor: Scale mail        |    28 |    63 |    24 ||   115
Dodge: Dodged            |    26 |    55 |     6 ||    87
Block: Shield            |    47 |    87 |    12 ||   146
       Rpst.: Long sword |     5 |    22 |       ||    27
       Falchion          |       |     2 |     1 ||     3
